AoeStats
← Horny

Arabia

510109397Analyzed
1v1 RM · 3d ago on Sep 29, 2026· 50m 30s· 2 players
Game mode
Random Map
Map size
Tiny (2 player)
Population
200
Speed
Normal
Resources
Standard
Victory
Conquest
Starting age
Dark Age
Ending age
Imperial Age
RankedLock teamsTeams togetherTeam positionsShared explorationLock speedFull tech treeHidden civsTurbo modeCheats
Victory
Defeat
🇸🇪 Sicilians · Sweden
1229
+15
🇸🇮 Mongols · Slovenia
1203
-15
Horny
3:15 Loom
8:54 Feudal Age
19:57 Wheelbarrow
25:57 Castle Age
24:43 Fletching
25:22 Padded Archer Armor
25:25 Gold Mining
26:24 Crossbowman
27:35 Bodkin Arrow
37:39 Husbandry
Peshmerga424
6:36 Loom
9:17 Feudal Age
25:09 Castle Age
23:07 Double-Bit Axe
24:09 Horse Collar
25:19 Bloodlines
25:25 Bloodlines
30:05 Scale Barding Armor
32:10 Pikeman
38:07 Wheelbarrow
37:18 Town Watch
46:25 Imperial Age
45:39 Husbandry
46:37 Forging
47:30 Cavalier
50:33 Conscription
49:58 Light Cavalry
51:02 Scale Mail Armor
Connection lost

Rejoining the realm…

Still unreachable

The connection could not be restored.

Session expired

The server has moved on; the page needs a fresh start.